 Seeded DCSS version 0.28-a0-1567-g1695149f81 (webtiles) character file.

Game seed: 41976 (custom seed)

82 knot the Chopper (level 4, -2/52 HPs)
             Began as a Demonspawn Berserker on Jan 20, 2022.
             Was a Believer of Trog.
             Slain by Robin (7 damage)
             ... on level 2 of the Dungeon.
             The game lasted 00:01:36 (2387 turns).

knot the Chopper (Demonspawn Berserker)             Turns: 2387, Time: 00:01:38

Health: -2/52      AC:  2    Str: 17    XL:     4   Next: 21%
Magic:  4/4        EV: 12    Int: 11    God:    Trog [**....]
Gold:   85         SH:  0    Dex: 12    Spells: 3/3 levels left

rFire   . . .      SeeInvis .   a - +0 hand axe
rCold   . . .      Faith    .   (no shield)
rNeg    . . .      Spirit   .   b - +0 animal skin
rPois   .          Reflect  .   (helmet restricted)
rElec   .          Harm     .   (no cloak)
rCorr   .          Rampage  .   (no gloves)
Will    .....                   (no boots)
Stlth   ..........              (no amulet)
HPRegen 0.17/turn               (no ring)
MPRegen 0.09/turn               (no ring)

@: berserking, lethally poisoned (-2 -> -15), very quick
A: horns 1
a: Renounce Religion, Berserk, Trog's Hand


You were on level 2 of the Dungeon.
You worshipped Trog.
Trog was pleased with you.
You visited 1 branch of the dungeon, and saw 2 of its levels.

You collected 85 gold pieces.

Inventory:

Hand Weapons
 a - a +0 hand axe (weapon)
Missiles
 e - 5 stones (quivered)
 h - 27 sling bullets
Armour
 b - a +0 animal skin (worn)
Scrolls
 g - a scroll of noise {unknown}
Potions
 c - a potion of curing {unknown}
 d - a potion of haste {unknown}
 f - a potion of flight {unknown}


   Skills:
 - Level 3.0 Fighting
 + Level 4.6 Axes
 - Level 1.7 Armour
 - Level 1.7 Dodging


You had 3 spell levels left.
You didn't know any spells.
Your spell library was empty.

Dungeon Overview and Level Annotations

Branches:
Dungeon (2/15)

Altars:

Shops:
D:1 [   D:2 *:

Annotations:
D:2 Robin


Innate Abilities, Weirdness & Mutations

You have a pair of small horns on your head.


Message History

Items here: $ ( ))))) †††††.
You hit the worm. You headbutt the worm.
The worm is moderately wounded.
The worm bites you.
You hit the worm.
The worm is heavily wounded.
You hit the worm but do no damage. You headbutt the worm.
The worm is severely wounded.
The worm bites you!
You are too injured to fight recklessly!
You are too injured to fight recklessly!
You are too injured to fight recklessly!
You are too injured to fight recklessly!
You hit the worm.
You kill the worm!
Trog accepts your kill.
You start resting.
Robin is nearby!
A red film seems to cover your vision as you go berserk!
You feel yourself moving faster!
You feel mighty!
A bat comes into view.
Robin hits you from afar with a +1 trident of venom.
* * * LOW HITPOINT WARNING * * *
You are poisoned.
Found a stone staircase leading down.
You feel a strong urge to attack something.
You feel sick.
A rat comes into view.
You closely miss Robin.
You feel sick. The bat hits you.
* * * LOW HITPOINT WARNING * * *
Robin hits you with a +1 trident of venom.
* * * LOW HITPOINT WARNING * * *
You are more poisoned.
You barely miss Robin. You hit the bat.
You kill the bat!
Trog accepts your kill.
* * * LOW HITPOINT WARNING * * *
You feel sick.
Robin hits you with a +1 trident of venom!
You die...

.##.# #.#
#.##.## .##.#
#.# #....#
.##.. ###.##
.#### ##.# .#
#..# .#
>.#### ##.##
.#
......####.)#
.#
#...†.)..##
.# #.###@####
#g...#
#.......# .#.
........# .#.
### #r......#
.g. ..#
........#
...## #.#
#.......#
....# #.#
#.......#
....###.###


You could see Robin and a rat.

Vanquished Creatures
  2 adders (D:2)
  3 worms (D:2)
  3 ball pythons
  4 endoplasms
  12 goblins
  6 hobgoblins
  6 jackals
  3 quokkas (D:1)
  A bat (D:2)
  2 frilled lizards (D:1)
  4 kobolds (D:1)
  4 rats
50 creatures vanquished.

Notes
Turn   | Place    | Note
-------+----------+-------------------------------------------
     0 | D:1      | knot the Demonspawn Berserker began the quest for the Orb.
     0 | D:1      | Reached XP level 1. HP: 18/18 MP: 1/1
    50 | D:1      | Reached skill level 3 in Axes
   275 | D:1      | Gained mutation: You have a pair of small horns on your
                  | head. [demonic ancestry]
   275 | D:1      | Reached XP level 2. HP: 19/24 MP: 2/2
   959 | D:1      | Found Pimmai's Antique Armour Shoppe.
  1186 | D:1      | Found a faded altar of an unknown god.
  1445 | D:2      | Found the +1 Delatra's gloves {ID++}
  1447 | D:2      | Noticed Robin
  1464 | D:1      | Reached XP level 3. HP: 26/29 MP: 3/3
  1689 | D:2      | Found Teuth's Book Shop.
  1703 | D:2      | Found Fasu's Assorted Antiques.
  1722 | D:2      | Reached ** piety under Trog
  1723 | D:2      | Reached skill level 4 in Axes
  2374 | D:2      | Reached XP level 4. HP: 24/35 MP: 4/4
  2387 | D:2      | Slain by Robin

Illustrated notes

Levels and vault maps discovered:
D:1:      minmay_arrival_four_houses, layout_loops_ring,
          dreamdust_ecumenical_altar_hidden_monk_grotto, serial_shops, shop,
          serial_bayou_pond_d
D:2:      layout_loops_ring, serial_shops, nicolae_shop_trees,
          nicolae_shop_advertising_works [nicolae_subvault_shop_adworks],
          nicolae_shop_trees, uniq_robin

Skill      XL: |  1  2  3 |
---------------+----------+-----
Axes           | 3 4 |  4.6
Fighting       | |  3.0
Armour         | |  1.7
Dodging        | |  1.7

Action                   |  1- 3 |  4- 6 || total
-------------------------+-------+-------++-------
Melee: Hand axe          |   116 |    10 ||   126
       Headbutt          |    15 |     4 ||    19
Invok: Berserk           |     3 |     1 ||     4
 Stab: Sleeping          |     2 |       ||     2
Armor: Animal skin       |    19 |     1 ||    20
Dodge: Dodged            |    63 |       ||    63

Table legend: (Time is in decaauts)
 A = Elapsed time spent in this place.
 B = Non-inter-level travel time spent in this place.
 C = Inter-level travel time spent in this place.
 D = Time resting spent in this place.
 E = Time spent auto-exploring this place.
 F = Levels seen in this place.
 G = Mean time per level.
                   A        B        C        D        E       F      G
               +--------+--------+--------+--------+--------+-----+--------+
         Total |   2430 |   2372 |     58 |    585 |   1517 |   2 | 1215.0 |
       Dungeon |   2430 |   2372 |     58 |    585 |   1517 |   2 | 1215.0 |
               +--------+--------+--------+--------+--------+-----+--------+

Top non-repeatable levels by time:
     D:1: 1615 daAuts
     D:2: 815 daAuts
